 Dungeon Crawl Stone Soup version 0.31-a0-965-g8a8ce12e04 (webtiles) character file.

Game seed: 11573991650512921918

136 mattiecakes the Trooper (level 5, -1/3 HPs)
             Began as a Gargoyle Reaver on Oct 27, 2023.
             Slain by a goblin
             ... wielding a +0 dagger
             ... led by Robin
              (4 damage)
             ... on level 3 of the Dungeon.
             The game lasted 00:06:43 (2493 turns).

mattiecakes the Trooper (Gargoyle Reaver)           Turns: 2493, Time: 00:06:43

Health: -1/3       AC:  8    Str: 18    XL:     5   Next: 19%
Magic:  8/8        EV: 11    Int: 13    God:
Gold:   134        SH:  0    Dex:  8    Spells: 7/8 levels left

rFire   . . .        a - +0 mace
rCold   + . .        (no shield)
rNeg    + + +        b - +0 leather armour
rPois   ∞            (no helmet)
rElec   +            (no cloak)
rCorr   .            g - +0 pair of gloves
SInv    .            (no boots)
Will    +....        (no amulet)
Stlth   +            (no ring)
HPRegen 0.20/turn    (no ring)
MPRegen 0.11/turn

%: no passive effects
@: death-form
A: vile attack, torment immunity, no potions, reduced hp, sickness immunity, AC
+4, negative energy resistance 1, electricity resistance, torment resistance 1,
petrification resistance
a: Siphon Essence, Begin Untransformation


You were on level 3 of the Dungeon.
You were an undying horror.
You visited 1 branch of the dungeon, and saw 3 of its levels.

You collected 134 gold pieces.

Inventory:

Hand Weapons
 a - a +0 mace (weapon)
Armour
 b - a +0 leather armour (worn)
 g - a +0 pair of gloves (worn)
Talismans
 i - a talisman of death (active)
Wands
 e - a wand of iceblast (8)
Scrolls
 c - 3 scrolls of identify {unknown}
 d - a scroll of fog {unknown}
 f - a scroll of silence {unknown}
 h - a scroll of immolation {unknown}
 k - 4 scrolls of poison {unknown}
Potions
 j - a potion of attraction


   Skills:
 + Level 5.7 Fighting
 - Level 3.0 Maces & Flails
 - Level 1.5 Dodging
 - Level 2.0 Spellcasting
 - Level 3.2 Conjurations


You had 7 spell levels left.
You knew the following spells:

 Your Spells              Type           Power      Damage    Failure   Level
a - Kiss of Death         Conj/Necr      20%        2d7       16%         1

Your spell library contained the following spells:

 Spells                   Type           Power      Damage    Failure   Level
 Momentum Strike          Conj/Tloc      10%        3d8       24%         2
 Hailstorm                Conj/Ice       5%         3d4       43%         3
 Dispel Undead            Necr           1%         3d6       96%         4
 Death Channel            Necr           0%         N/A       100%        6
 Cigotuvi's Dreadful Rot  Necr/Pois/Air  Unusable   N/A       N/A         2

Dungeon Overview and Level Annotations

Branches:
Dungeon (3/15)

Altars:

Annotations:
D:3 Robin


Innate Abilities, Weirdness & Mutations

You are an undying horror.
Your melee and unarmed attacks drain, slow and weaken victims.
You are immune to unholy pain and torment.
You cannot drink.
Your maximum health is decreased, since you lack skill for your form.
You are immune to sickness and miasma.
Your stone body is resilient. (AC +4)
You are immune to poison.
You resist negative energy. (rN+)
You are resistant to electric shocks. (rElec)
You are resistant to unholy torment.
You are immune to petrification.


Message History

You are too injured to fight recklessly!
You are too injured to fight recklessly!
You are too injured to fight recklessly!
You are too injured to fight recklessly!
You are too injured to fight recklessly!
You are too injured to fight recklessly!
You are too injured to fight recklessly!
You are too injured to fight recklessly!
Hit: a) +0 mace
Press: ? - help, Dir - move target, f - goblin
Aim: a goblin, wielding a +0 club (strong, about 49% to evade your +0 mace)
Okay, then.
There are monsters nearby!
The goblin hits you but does no damage. The goblin hits you with a +0 dagger.
You begin transforming.
You continue transforming.
The goblin misses you. The goblin hits you with a +0 dagger.
You continue transforming.
The goblin no longer looks unusually strong.
The goblin hits you with a +0 club.
Robin roars a battlecry!
The goblin goes into a battle-frenzy!
The goblin barely misses you.
You continue transforming.
The goblin hits you but does no damage. The goblin closely misses you.
Your flesh twists and warps into a mockery of life!
Unknown command.
Unknown command.
You hit the goblin.
The goblin decays.
The goblin is severely wounded.
The goblin hits you but does no damage. The goblin closely misses you.
The goblin hits you but does no damage.
You hit the goblin.
You kill the goblin!
The goblin hits you with a +0 dagger.
You closely miss the goblin. The goblin closely misses you.
You barely miss the goblin. The goblin barely misses you.
You closely miss the goblin. Your punch misses the goblin.
Robin throws the goblin at you! The goblin hits you with a +0 dagger.
Ouch! That really hurt!
You die...

########### #.#.........#
#.#.##...##.#
#.#.##...##.# ######.
#.#.##...##.# .......
#.#.##...##.# .......
#.#.##...##.#####g......
#.#.##...##...gzggg.....
##.#.#......############.
.....'..).......
~~..~#........##
..~..###......# ~...##
#......# ....# #......#
#..## #......#
##+#####......#


You could see Robin and 4 goblins.

Vanquished Creatures
  2 orc wizards (D:3)
  An adder (D:2)
  A worm (D:3)
  4 dart slugs
  3 orcs (D:3)
  7 endoplasms
  A giant cockroach (D:3)
  8 goblins
  11 hobgoblins
  3 quokkas
  3 ball pythons
  7 bats
  3 frilled lizards
  3 kobolds
  6 rats
63 creatures vanquished.

Notes
Turn   | Place    | Note
-------+----------+-------------------------------------------
     0 | D:1      | mattiecakes the Gargoyle Reaver began the quest for the
                  | Orb.
     0 | D:1      | Reached XP level 1. HP: 12/12 MP: 3/3
   129 | D:1      | Reached skill level 3 in Fighting
   129 | D:1      | Reached XP level 2. HP: 19/19 MP: 5/5
   882 | D:2      | Reached XP level 3. HP: 17/24 MP: 6/6
   915 | D:2      | Identified the +8 quarterstaff of Profit {spect, Str+5
                  | SInv}
  1093 | D:2      | Reached skill level 4 in Fighting
  1729 | D:3      | Reached XP level 4. HP: 21/30 MP: 7/7
  1730 | D:3      | Reached skill level 5 in Fighting
  1859 | D:3      | Reached XP level 5. HP: 35/35 MP: 8/8
  2454 | D:3      | Noticed Robin
  2493 | D:3      | Slain by a goblin

Illustrated notes

Levels and vault maps discovered:
D:1:      scummos_arrival_gate, layout_loops_ring
D:2:      layout_loops_ring
D:3:      corexii_shack_village, layout_basic, serial_shops, shop,
          chequers_serial_rivers_micro_c, chequers_serial_rivers_small_3,
          dk_noncrumbling_2, uniq_robin

Skill      XL: |  1  2  3  4 |
---------------+-------------+-----
Fighting       | 3 4 5 |  5.7
Maces & Flails | |  3.0
Dodging        | |  1.5
Spellcasting   | |  2.0
Conjurations   | |  3.2

Action                     |  1- 3 |  4- 6 || total
---------------------------+-------+-------++-------
  Melee: Mace              |   151 |    98 ||   249
         Punch             |     1 |       ||     1
    Use: Potion            |     3 |       ||     3
 Armour: Leather armour    |   122 |    68 ||   190
  Dodge: Dodged            |   104 |    49 ||   153
   Form: Death             |       |     1 ||     1

Table legend: (Time is in decaauts)
 A = Elapsed time spent in this place.
 B = Non-inter-level travel time spent in this place.
 C = Inter-level travel time spent in this place.
 D = Time resting spent in this place.
 E = Time spent auto-exploring this place.
 F = Levels seen in this place.
 G = Mean time per level.
                   A        B        C        D        E       F      G
               +--------+--------+--------+--------+--------+-----+--------+
         Total |   2556 |   2460 |     96 |     95 |   1853 |   3 |  852.0 |
       Dungeon |   2556 |   2460 |     96 |     95 |   1853 |   3 |  852.0 |
               +--------+--------+--------+--------+--------+-----+--------+

Top non-repeatable levels by time:
     D:2: 877 daAuts
     D:3: 858 daAuts
     D:1: 820 daAuts
